SL
SEATTLE AVIATORS @ FT. WORTH CATTLEMEN
09/15/2028
 
TOP OF THE 1ST
Seattle Aviators batting - Pitching for Ft. Worth Cattlemen : LHP Paul Díaz
Pitching: LHP Paul Díaz
Batting: SHB Juan Torres 0-0: Ball
1-0: Ball
2-0: Called Strike
2-1: Foul Ball, location: 2F
2-2: Strikes out looking
Batting: RHB Anthony Johnston 0-0: Called Strike
0-1: Called Strike
0-2: Strikes out swinging, 2-3 out at first.
Batting: LHB Kenny Webster 0-0: Ball
1-0: Called Strike
1-1: Ground out 5-3 (Groundball, 56S)
Top of the 1st over - 0 run(s), 0 hit(s), 0 error(s), 0 left on base; Seattle 0 - Ft. Worth 0
BOTTOM OF THE 1ST
Ft. Worth Cattlemen batting - Pitching for Seattle Aviators : RHP Roderick Rhodes
Pitching: RHP Roderick Rhodes
Batting: LHB Chris Etheridge 0-0: Called Strike
0-1: DOUBLE (Line Drive, 89M)
Batting: LHB Nobuo Yamashita 0-0: Ball
1-0: Called Strike
1-1: Foul Ball, location: 2F
1-2: Strikes out swinging
Batting: RHB Bart Lewis 0-0: Ball
1-0: Called Strike
1-1: Foul Ball, location: 2F
1-2: Foul Ball, location: 2F
1-2: DOUBLE (Groundball, 5L)
Chris Etheridge scores
Batting: LHB Jesús Morales 0-0: Foul Ball, location: 2F
0-1: Ground out U3 (Groundball, 3S)
Bart Lewis to third
Batting: SHB Marcos Roa 0-0: Ball
1-0: Ball
2-0: Called Strike
2-1: Foul Ball, location: 2F
2-2: Strikes out looking
Bottom of the 1st over - 1 run(s), 2 hit(s), 0 error(s), 1 left on base; Seattle 0 - Ft. Worth 1
TOP OF THE 2ND
Seattle Aviators batting - Pitching for Ft. Worth Cattlemen : LHP Paul Díaz
Batting: LHB Jorge Mojica 0-0: Ball
1-0: Ball
2-0: Ground out 5-3 (Groundball, 25)
Batting: RHB Seon-keun Kim 0-0: Ball
1-0: Swinging Strike
1-1: Ball
2-1: Called Strike
2-2: Foul Ball, location: 2F
2-2: Ball
3-2: Foul Ball, location: 2F
3-2: Base on Balls
Batting: LHB Dong-jin Kim 0-0: Ball
1-0: Called Strike
1-1: Ball
2-1: SINGLE (Line Drive, 4D)
Seon-keun Kim to second
Batting: RHB John MacGregor 0-0: Ball
1-0: Ball
2-0: Grounds into double play, 6-4-3 (Groundball, 6)
Top of the 2nd over - 0 run(s), 1 hit(s), 0 error(s), 1 left on base; Seattle 0 - Ft. Worth 1
BOTTOM OF THE 2ND
Ft. Worth Cattlemen batting - Pitching for Seattle Aviators : RHP Roderick Rhodes
Batting: RHB Lloyd Alberink 0-0: SINGLE (Groundball, 56D)
Batting: LHB Ryan Westlake 0-0: Ball
1-0: Ball
2-0: Called Strike
2-1: Foul Ball, location: 2F
2-2: Fly out, F7 (Flyball, 78S)
Batting: RHB Gilberto Juárez 0-0: Swinging Strike
0-1: Ball
1-1: Fly out, F8 (Flyball, 8RD)
Batting: RHB Orlando Montoya 0-0: Ball
1-0: Ball
2-0: Called Strike
2-1: Called Strike
2-2: Fielders Choice at 2nd, 5-4 (Groundball, 5)
Bottom of the 2nd over - 0 run(s), 1 hit(s), 0 error(s), 0 left on base; Seattle 0 - Ft. Worth 1
TOP OF THE 3RD
Seattle Aviators batting - Pitching for Ft. Worth Cattlemen : LHP Paul Díaz
Batting: LHB Pedro Corona 0-0: Ball
1-0: Called Strike
1-1: Ground out 4-3 (Groundball, 34D)
Batting: LHB Vinski Prifti 0-0: Called Strike
0-1: Swinging Strike
0-2: Ball
1-2: Ball
2-2: Foul Ball, location: 2F
2-2: Ball
3-2: Strikes out swinging
Batting: SHB Juan Torres 0-0: Ball
1-0: Called Strike
1-1: Ball
2-1: Ball
3-1: Ground out 5-3 (Groundball, 56S)
Top of the 3rd over - 0 run(s), 0 hit(s), 0 error(s), 0 left on base; Seattle 0 - Ft. Worth 1
BOTTOM OF THE 3RD
Ft. Worth Cattlemen batting - Pitching for Seattle Aviators : RHP Roderick Rhodes
Batting: LHB Chris Etheridge 0-0: Ball
1-0: Ground out 4-3 (Groundball, 4)
Batting: LHB Nobuo Yamashita 0-0: Swinging Strike
0-1: Fly out, F7 (Flyball, 7S)
Batting: RHB Bart Lewis 0-0: Ball
1-0: Ball
2-0: Ball
3-0: Called Strike
3-1: Foul Ball, location: 2F
3-2: Foul Ball, location: 2F
3-2: Strikes out swinging
Bottom of the 3rd over - 0 run(s), 0 hit(s), 0 error(s), 0 left on base; Seattle 0 - Ft. Worth 1
TOP OF THE 4TH
Seattle Aviators batting - Pitching for Ft. Worth Cattlemen : LHP Paul Díaz
Batting: RHB Anthony Johnston 0-0: DOUBLE (Line Drive, 3D)
Batting: LHB Kenny Webster 0-0: Ball
1-0: Called Strike
1-1: Called Strike
1-2: Ball
2-2: Ball
3-2: Foul Ball, location: 2F
3-2: Foul Ball, location: 2F
3-2: Foul Ball, location: 2F
3-2: Fly out, F4 (Line Drive, 34D)
Batting: LHB Jorge Mojica 0-0: Ball
1-0: Ball
2-0: Fly out, F3 (Line Drive, 34)
Batting: RHB Seon-keun Kim 0-0: Foul Ball, location: 2F
0-1: Ball
1-1: Ball
2-1: Foul Ball, location: 2F
2-2: Ball
3-2: Fly out, F7 (Flyball, 7D)
Top of the 4th over - 0 run(s), 1 hit(s), 0 error(s), 1 left on base; Seattle 0 - Ft. Worth 1
BOTTOM OF THE 4TH
Ft. Worth Cattlemen batting - Pitching for Seattle Aviators : RHP Roderick Rhodes
Batting: LHB Jesús Morales 0-0: Ball
1-0: Foul Ball, location: 2F
1-1: SINGLE (Flyball, 8RS)
Batting: SHB Marcos Roa 0-0: Ball
1-0: Ball
2-0: Called Strike
2-1: Foul Ball, location: 2F
2-2: DOUBLE (Line Drive, 78D)
Jesús Morales to third
Batting: RHB Lloyd Alberink 0-0: Swinging Strike
0-1: Ground out 4-3 (Groundball, 4)
Batting: LHB Ryan Westlake 0-0: Intentional Walk
Batting: RHB Gilberto Juárez 0-0: Swinging Strike
0-1: Fly out, F8 (Flyball, 8RS)
Batting: RHB Orlando Montoya 0-0: Ball
1-0: Ball
2-0: Fielders Choice at 2nd, 6-4 (Groundball, 6)
Bottom of the 4th over - 0 run(s), 2 hit(s), 0 error(s), 2 left on base; Seattle 0 - Ft. Worth 1
TOP OF THE 5TH
Seattle Aviators batting - Pitching for Ft. Worth Cattlemen : LHP Paul Díaz
Batting: LHB Dong-jin Kim 0-0: Ball
1-0: Foul Ball, location: 2F
1-1: SINGLE (Groundball, 34D)
Batting: RHB John MacGregor 0-0: Bunted foul
0-1: Ball
1-1: Sac Bunt - play at first, batter OUT! 1-4
Dong-jin Kim to second
Batting: LHB Pedro Corona 0-0: Ball
1-0: Called Strike
1-1: Ball
2-1: Ground out 4-3 (Groundball, 4S)
Dong-jin Kim to third
Batting: LHB Vinski Prifti 0-0: Fly out, F7 (Flyball, 7D)
Top of the 5th over - 0 run(s), 1 hit(s), 0 error(s), 1 left on base; Seattle 0 - Ft. Worth 1
BOTTOM OF THE 5TH
Ft. Worth Cattlemen batting - Pitching for Seattle Aviators : RHP Roderick Rhodes
Batting: LHB Chris Etheridge 0-0: Called Strike
0-1: Ball
1-1: Called Strike
1-2: Fly out, F8 (Flyball, 8RD)
Batting: LHB Nobuo Yamashita 0-0: Called Strike
0-1: Ground out 6-3 (Groundball, 6S)
Batting: RHB Bart Lewis 0-0: Ball
1-0: Called Strike
1-1: Ball
2-1: Fly out, F8 (Flyball, 8RXD)
Bottom of the 5th over - 0 run(s), 0 hit(s), 0 error(s), 0 left on base; Seattle 0 - Ft. Worth 1
TOP OF THE 6TH
Seattle Aviators batting - Pitching for Ft. Worth Cattlemen : LHP Paul Díaz
Batting: SHB Juan Torres 0-0: Ball
1-0: Swinging Strike
1-1: Foul Ball, location: 2F
1-2: SINGLE (Line Drive, 9S)
Batting: RHB Anthony Johnston 0-0: Sac Bunt - play at first, batter OUT! 3-4
Juan Torres to second
Batting: LHB Kenny Webster 0-0: Called Strike
Juan Torres is caught stealing 3rd base
0-1: Swinging Strike
0-2: Ball
1-2: Ball
2-2: Foul Ball, location: 2F
2-2: Foul Ball, location: 2F
2-2: Ball
3-2: SINGLE (Groundball, 6D)
Batting: LHB Jorge Mojica 0-0: Called Strike
0-1: Ball
1-1: Swinging Strike
1-2: Ball
2-2: Hit by Pitch
Kenny Webster to second
Batting: RHB Seon-keun Kim 0-0: Called Strike
0-1: Ball
1-1: Foul Ball, location: 2F
1-2: Fly out, F7 (Flyball, 7)
Top of the 6th over - 0 run(s), 2 hit(s), 0 error(s), 2 left on base; Seattle 0 - Ft. Worth 1
BOTTOM OF THE 6TH
Ft. Worth Cattlemen batting - Pitching for Seattle Aviators : RHP Roderick Rhodes
Batting: LHB Jesús Morales 0-0: Foul Ball, location: 2F
0-1: Ball
1-1: Ground out 3-1 (Groundball, 34)
Batting: SHB Marcos Roa 0-0: Swinging Strike
0-1: Fly out, F9 (Flyball, 9S)
Batting: RHB Lloyd Alberink 0-0: Foul Ball, location: 2F
0-1: Ball
1-1: Ball
2-1: Ball
3-1: Called Strike
3-2: Base on Balls
Batting: LHB Ryan Westlake 0-0: Ball
1-0: Swinging Strike
1-1: Ball
2-1: Fly out, F8 (Flyball, 8RS)
Bottom of the 6th over - 0 run(s), 0 hit(s), 0 error(s), 1 left on base; Seattle 0 - Ft. Worth 1
TOP OF THE 7TH
Seattle Aviators batting - Pitching for Ft. Worth Cattlemen : LHP Paul Díaz
Batting: LHB Dong-jin Kim 0-0: Ball
1-0: Fly out, F4 (Flyball, 4D)
Batting: RHB John MacGregor 0-0: Ball
1-0: Ground out 4-3 (Groundball, 4)
Batting: LHB Pedro Corona 0-0: Ball
1-0: Ball
2-0: Ball
3-0: Base on Balls
Pitching: LHP Bartolomeu Lio
Pinch Hitting: RHB Byron Isaacson 0-0: Ball
1-0: Swinging Strike
1-1: Ball
2-1: Swinging Strike
2-2: Strikes out swinging
Top of the 7th over - 0 run(s), 0 hit(s), 0 error(s), 1 left on base; Seattle 0 - Ft. Worth 1
BOTTOM OF THE 7TH
Ft. Worth Cattlemen batting - Pitching for Seattle Aviators : RHP Roderick Rhodes
Now in RF: Jay Parker
Batting: RHB Gilberto Juárez 0-0: Ground out 1-3 (Groundball, P)
Batting: RHB Orlando Montoya 0-0: Ground out 6-3 (Groundball, 56)
Batting: LHB Chris Etheridge 0-0: Ball
1-0: Fly out, F8 (Line Drive, 8RD)
Bottom of the 7th over - 0 run(s), 0 hit(s), 0 error(s), 0 left on base; Seattle 0 - Ft. Worth 1
TOP OF THE 8TH
Seattle Aviators batting - Pitching for Ft. Worth Cattlemen : LHP Bartolomeu Lio
Pitching: LHP Jason Horne
Batting: SHB Juan Torres 0-0: Called Strike
0-1: Ball
1-1: Swinging Strike
1-2: Strikes out swinging
Pitching: RHP Darren Garland
Batting: RHB Anthony Johnston 0-0: Called Strike
0-1: Foul Ball, location: 2F
0-2: Foul Ball, location: 2F
0-2: Ball
1-2: Foul Ball, location: 2F
1-2: SINGLE (Line Drive, 6S) (infield hit)
Pitching: RHP Roberto Cavazos
Batting: LHB Kenny Webster 0-0: Called Strike
0-1: Ball
1-1: Foul Ball, location: 2F
1-2: Foul Ball, location: 2F
1-2: Foul Ball, location: 2F
1-2: Ball
2-2: Foul Ball, location: 2F
2-2: Foul Ball, location: 2F
2-2: Foul Ball, location: 2F
2-2: Grounds into double play, 6-4-3 (Groundball, 6)
Top of the 8th over - 0 run(s), 1 hit(s), 0 error(s), 0 left on base; Seattle 0 - Ft. Worth 1
BOTTOM OF THE 8TH
Ft. Worth Cattlemen batting - Pitching for Seattle Aviators : RHP Roderick Rhodes
Batting: LHB Nobuo Yamashita 0-0: Ball
1-0: Ground out 4-3 (Groundball, 34)
Batting: RHB Bart Lewis 0-0: Called Strike
0-1: Ball
1-1: SINGLE (Flyball, 8RS)
Pitching: RHP Drake Riley
Batting: LHB Jesús Morales 0-0: Called Strike
0-1: SINGLE (Line Drive, 3D)
Bart Lewis to second
Throwing error, E9
Bart Lewis scores
Jesús Morales to second
Batting: SHB Marcos Roa 0-0: Intentional Walk
Pinch Hitting: RHB Tim Burney 0-0: Ball
1-0: Called Strike
1-1: Foul Ball, location: 2F
1-2: Strikes out swinging
Batting: LHB Ryan Westlake 0-0: Foul Ball, location: 2F
0-1: Foul Ball, location: 2F
0-2: Ball
1-2: Ball
2-2: Fly out, F3 (Popup, 3L)
Bottom of the 8th over - 1 run(s), 2 hit(s), 1 error(s), 2 left on base; Seattle 0 - Ft. Worth 2
TOP OF THE 9TH
Seattle Aviators batting - Pitching for Ft. Worth Cattlemen : RHP Roberto Cavazos
Pitching: LHP Asher Spivey
Now at 3B: Santo Alba
Batting: LHB Jorge Mojica 0-0: Fly out, F7 (Flyball, 7LM)
Batting: RHB Seon-keun Kim 0-0: Called Strike
0-1: Ball
1-1: Called Strike
1-2: Foul Ball, location: 2F
1-2: Ball
2-2: Strikes out swinging
Batting: LHB Dong-jin Kim 0-0: Ball
1-0: Called Strike
1-1: Called Strike
1-2: Fly out, F8 (Flyball, 8LS)
Top of the 9th over - 0 run(s), 0 hit(s), 0 error(s), 0 left on base; Seattle 0 - Ft. Worth 2
Wednesday, September 6th, 2017 - OOTP Baseball 17.12 Build 75